[ AOE2 MATCH · #513884724 ]
UnrankedBulgarians vs Poles
Rival team · LOSS
[ REPLAY ANALYSIS · EXTRACTED FROM THE RECORDED GAME ]
Feudal
8:52
Castle
20:54
Imperial
—
| APM avg | 65.4 |
| APM peak | 83 |
| eAPM avg | 28.4 |
| Villagers / military | 43 / 15 |
Focus
⚔️ 48.0% · 🌾 52.0%
Militia ×9 · Skirmisher ×6
Feudal
8:39
Castle
—
Imperial
—
| APM avg | 114.0 |
| APM peak | 174 |
| eAPM avg | 57.5 |
| Villagers / military | 49 / 12 |
Focus
⚔️ 80.3% · 🌾 19.7%
Skirmisher ×8 · Archer ×4
Match map
Initial resources + every placement click. Lines = walls · curves = elevation contours. ◆ gold · ⬟ stone · ● berries · ✦ relic · ◌ wall gap
Your base· Open — 5t gap
XEVER | Rivux's base· Open — 11t gap
Smoothed initial terrain · ◌ = detected wall gap · hover for details
Inputs per minute
— The Illusionist - - XEVER | Rivux
Build order — The Illusionist
129 actions detected in the replay
| 0:00 | queue | Villager (Male) |
| 0:01 | queue | Villager (Male) |
| 0:02 | Build | House |
| 0:04 | Build | House |
| 0:07 | queue | Villager (Male) |
| 0:07 | queue | Villager (Male) |
| 1:20 | queue | Villager (Male) |
| 1:20 | queue | Villager (Male) |
| 1:47 | queue | Villager (Male) |
| 2:05 | queue | Villager (Male) |
| 2:10 | Build | Lumber Camp |
| 2:28 | queue | Villager (Male) |
| 2:28 | queue | Villager (Male) |
| 2:46 | queue | Villager (Male) |
| 2:46 | queue | Villager (Male) |
| 3:46 | queue | Villager (Male) |
| 3:46 | queue | Villager (Male) |
| 3:46 | queue | Villager (Male) |
| 3:46 | queue | Villager (Male) |
| 3:49 | Build | House |
| 4:13 | queue | Villager (Male) |
| 4:44 | queue | Villager (Male) |
| 5:22 | Build | Barracks |
| 5:24 | queue | Villager (Male) |
| 5:39 | Research | Loom |
| 5:39 | Research | Loom |
| 5:48 | Build | House |
| 6:42 | Research | Feudal Age |
| 6:42 | Research | Feudal Age |
| 6:54 | Build | Palisade Wall |
| 6:54 | Build | Palisade Wall |
| 7:05 | queue | Militia |
| 7:05 | queue | Militia |
| 7:15 | Build | House |
| 7:32 | queue | Militia |
| 7:40 | Build | Mill |
| 7:45 | queue | Militia |
| 7:45 | queue | Militia |
| 8:46 | queue | Villager (Male) |
| 8:52 | Age | Feudal Age |
| 8:56 | queue | Villager (Male) |
| 8:57 | Research | Double-Bit Axe |
| 8:57 | Research | Double-Bit Axe |
| 9:07 | Build | Watch Tower |
| 9:14 | Build | Farm |
| 9:24 | Build | Watch Tower |
| 9:30 | Build | Watch Tower |
| 9:36 | queue | Villager (Male) |
| 9:42 | queue | Villager (Male) |
| 9:42 | queue | Villager (Male) |
| 9:44 | Build | Farm |
| 9:45 | Build | Farm |
| 9:54 | Build | Farm |
| 10:08 | Build | Farm |
| 10:30 | queue | Villager (Male) |
| 10:33 | Build | Palisade Wall |
| 10:37 | queue | Villager (Male) |
| 10:49 | Build | Farm |
| 10:55 | queue | Villager (Male) |
| 10:58 | Build | Archery Range |
| 11:27 | Build | Palisade Wall |
| 11:35 | Build | Farm |
| 11:37 | Build | Farm |
| 11:50 | queue | Villager (Male) |
| 11:55 | Build | House |
| 12:17 | queue | Villager (Male) |
| 12:20 | Build | Farm |
| 12:24 | Build | House |
| 12:32 | Build | Palisade Wall |
| 12:41 | queue | Villager (Male) |
| 12:47 | Build | Watch Tower |
| 12:50 | queue | Villager (Male) |
| 12:54 | queue | Skirmisher |
| 12:56 | Build | Palisade Wall |
| 13:18 | queue | Skirmisher |
| 13:34 | Build | Palisade Wall |
| 13:36 | Build | Palisade Wall |
| 13:42 | queue | Villager (Male) |
| 13:47 | Build | Palisade Wall |
| 13:51 | queue | Villager (Male) |
| 14:10 | Build | Farm |
| 14:28 | Research | Arson |
| 14:28 | queue | Villager (Male) |
| 14:44 | Build | Blacksmith |
| 14:47 | queue | Villager (Male) |
| 15:19 | Build | Mining Camp |
| 15:24 | queue | Villager (Male) |
| 15:31 | queue | Villager (Male) |
| 15:50 | queue | Skirmisher |
| 15:53 | Research | Town Watch |
| 15:55 | Build | House |
| 16:31 | Build | Mining Camp |
| 16:38 | Research | Fletching |
| 16:39 | queue | Villager (Male) |
| 17:00 | Build | Watch Tower |
| 17:10 | queue | Villager (Male) |
| 17:49 | queue | Villager (Male) |
| 17:55 | queue | Villager (Male) |
| 18:02 | Research | Castle Age |
| 18:02 | Research | Castle Age |
| 18:15 | queue | Villager (Male) |
| 18:26 | Build | Farm |
| 18:26 | Build | Farm |
| 18:29 | Build | Farm |
| 18:29 | Build | Farm |
| 18:32 | Build | Farm |
| 18:40 | queue | Villager (Male) |
| 18:41 | queue | Militia |
| 18:43 | Build | Farm |
| 18:59 | Build | Farm |
| 19:06 | queue | Skirmisher |
| 19:15 | Build | Farm |
| 19:16 | Build | Farm |
| 19:21 | queue | Militia |
| 19:22 | Research | Scale Mail Armor |
| 19:26 | Build | House |
| 19:32 | Build | Farm |
| 19:56 | queue | Skirmisher |
| 19:57 | queue | Militia |
| 20:06 | Build | Outpost |
| 20:11 | queue | Skirmisher |
| 20:13 | queue | Militia |
| 20:22 | Research | Padded Archer Armor |
| 20:26 | Build | Watch Tower |
| 20:51 | Build | House |
| 20:52 | Build | House |
| 20:53 | Build | Palisade Wall |
| 20:54 | Age | Castle Age |
| 20:57 | Research | Bodkin Arrow |
Build order — XEVER | Rivux
135 actions detected in the replay
| 0:00 | queue | Villager (Male) |
| 0:00 | queue | Villager (Male) |
| 0:01 | queue | Villager (Male) |
| 0:01 | queue | Villager (Male) |
| 0:01 | queue | Villager (Male) |
| 0:02 | queue | Villager (Male) |
| 0:03 | Build | House |
| 0:05 | Build | House |
| 1:22 | queue | Villager (Male) |
| 1:23 | queue | Villager (Male) |
| 1:23 | queue | Villager (Male) |
| 1:49 | queue | Villager (Male) |
| 2:29 | Build | Mill |
| 2:36 | queue | Villager (Male) |
| 2:36 | queue | Villager (Male) |
| 2:58 | queue | Villager (Male) |
| 2:58 | queue | Villager (Male) |
| 3:34 | queue | Villager (Male) |
| 4:11 | queue | Villager (Male) |
| 4:11 | queue | Villager (Male) |
| 4:24 | queue | Villager (Male) |
| 4:24 | queue | Villager (Male) |
| 4:24 | queue | Villager (Male) |
| 5:31 | Build | Lumber Camp |
| 5:51 | Research | Loom |
| 6:29 | Research | Feudal Age |
| 6:29 | Research | Feudal Age |
| 6:42 | Build | Palisade Wall |
| 6:43 | Build | Palisade Wall |
| 6:44 | Build | Palisade Wall |
| 6:48 | Build | Palisade Wall |
| 6:58 | Build | Palisade Wall |
| 7:50 | Build | Barracks |
| 7:53 | queue | Villager (Male) |
| 8:11 | Build | House |
| 8:39 | Age | Feudal Age |
| 8:41 | queue | Villager (Male) |
| 8:53 | Build | Archery Range |
| 9:07 | queue | Villager (Male) |
| 9:23 | Build | Watch Tower |
| 9:35 | queue | Skirmisher |
| 9:52 | queue | Villager (Male) |
| 9:57 | Build | Farm |
| 10:00 | queue | Villager (Male) |
| 10:01 | queue | Skirmisher |
| 10:08 | Build | House |
| 10:09 | queue | Skirmisher |
| 10:28 | Build | Farm |
| 10:34 | Build | House |
| 10:45 | queue | Villager (Male) |
| 10:55 | Build | House |
| 11:00 | queue | Skirmisher |
| 11:01 | queue | Villager (Male) |
| 11:01 | queue | Villager (Male) |
| 11:24 | Build | House |
| 11:30 | queue | Villager (Male) |
| 11:33 | Build | Palisade Wall |
| 11:47 | queue | Villager (Male) |
| 11:52 | Build | Farm |
| 11:57 | Build | Mill |
| 12:17 | Build | Farm |
| 12:26 | queue | Villager (Male) |
| 12:28 | Build | Farm |
| 12:28 | Build | Farm |
| 12:29 | Build | Farm |
| 12:29 | Build | Farm |
| 12:41 | queue | Villager (Male) |
| 12:47 | Build | House |
| 13:15 | Build | Farm |
| 13:19 | Build | House |
| 13:20 | queue | Villager (Male) |
| 13:26 | Build | Farm |
| 13:27 | Build | Farm |
| 13:29 | queue | Villager (Male) |
| 13:32 | Build | Farm |
| 13:42 | queue | Skirmisher |
| 13:56 | Build | House |
| 14:01 | Build | House |
| 14:04 | Build | House |
| 14:17 | Build | House |
| 14:19 | Build | House |
| 14:22 | queue | Villager (Male) |
| 14:27 | Build | Blacksmith |
| 14:33 | queue | Villager (Male) |
| 14:39 | Build | Farm |
| 14:50 | Build | Stone Wall |
| 14:52 | Build | Stone Wall |
| 15:02 | Build | Mining Camp |
| 15:08 | Build | Farm |
| 15:15 | queue | Villager (Male) |
| 15:17 | queue | Skirmisher |
| 15:28 | Research | Fletching |
| 15:29 | queue | Villager (Male) |
| 15:45 | queue | Skirmisher |
| 15:56 | queue | Villager (Male) |
| 16:04 | Build | Stone Wall |
| 16:15 | Build | Mill |
| 16:26 | queue | Villager (Male) |
| 16:41 | queue | Archer |
| 16:47 | queue | Villager (Male) |
| 16:53 | Build | Watch Tower |
| 17:06 | Build | Farm |
| 18:09 | queue | Villager (Male) |
| 18:17 | queue | Archer |
| 18:18 | queue | Archer |
| 18:23 | queue | Villager (Male) |
| 18:37 | queue | Villager (Male) |
| 18:56 | queue | Villager (Male) |
| 19:02 | Build | Farm |
| 19:02 | Build | Farm |
| 19:02 | Build | Farm |
| 19:02 | Build | Farm |
| 19:03 | Build | Farm |
| 19:07 | Research | Horse Collar |
| 19:14 | queue | Archer |
| 19:20 | Build | House |
| 19:23 | Build | Stone Wall |
| 19:24 | Build | Stone Wall |
| 19:27 | queue | Villager (Male) |
| 19:34 | Build | Lumber Camp |
| 19:38 | Build | Mill |
| 19:39 | queue | Villager (Male) |
| 19:42 | Build | Farm |
| 19:47 | Build | Farm |
| 19:47 | Build | Farm |
| 19:48 | Build | Farm |
| 19:48 | Build | Farm |
| 19:48 | Build | Farm |
| 19:48 | Build | Farm |
| 19:49 | queue | Villager (Male) |
| 19:59 | Build | Farm |
| 20:06 | Research | Scale Barding Armor |
| 20:31 | queue | Villager (Male) |
| 20:39 | queue | Skirmisher |
| 20:40 | Build | House |
Match timeline
| 5:22 | The Illusionist · first_building Barracks |
| 6:42 | XEVER | Rivux · wall_segment Palisade Wall x1 |
| 6:43 | XEVER | Rivux · wall_segment Palisade Wall x2 |
| 6:44 | XEVER | Rivux · wall_segment Palisade Wall x1 |
| 6:48 | XEVER | Rivux · wall_segment Palisade Wall x5 |
| 6:54 | The Illusionist · wall_segment Palisade Wall x1 |
| 6:54 | The Illusionist · wall_segment Palisade Wall x1 |
| 6:58 | XEVER | Rivux · wall_segment Palisade Wall x6 |
| 7:50 | XEVER | Rivux · first_building Barracks |
| 8:39 | XEVER | Rivux · age_up feudal |
| 8:52 | The Illusionist · age_up feudal |
| 8:53 | XEVER | Rivux · first_building Archery Range |
| 10:33 | The Illusionist · wall_segment Palisade Wall x8 |
| 10:58 | The Illusionist · first_building Archery Range |
| 11:27 | The Illusionist · wall_segment Palisade Wall x2 |
| 11:33 | XEVER | Rivux · wall_segment Palisade Wall x1 |
| 12:32 | The Illusionist · wall_segment Palisade Wall x2 |
| 12:56 | The Illusionist · wall_segment Palisade Wall x8 |
| 13:34 | The Illusionist · wall_segment Palisade Wall x1 |
| 13:36 | The Illusionist · wall_segment Palisade Wall x8 |
| 13:47 | The Illusionist · wall_segment Palisade Wall x1 |
| 14:50 | XEVER | Rivux · wall_segment Stone Wall x1 |
| 14:52 | XEVER | Rivux · wall_segment Stone Wall x1 |
| 16:04 | XEVER | Rivux · wall_segment Stone Wall x1 |
| 19:23 | XEVER | Rivux · wall_segment Stone Wall x2 |
| 19:24 | XEVER | Rivux · wall_segment Stone Wall x1 |
| 20:53 | The Illusionist · wall_segment Palisade Wall x1 |
| 20:54 | The Illusionist · age_up castle |
| 21:02 | XEVER | Rivux · resign |
[ AI ANALYSIS · 1 CREDIT ]
What really happened in this match?
Wolo.gg analyzes every decision: build order, eco, micro, common mistakes by bracket. Personalized analysis on WhatsApp or Discord in 30 seconds.
Civ guide
Bulgarians
Perfil
Jugador #1389164